 Dungeon Crawl Stone Soup version 0.29-a0-82-g837932c90e (webtiles) character file.

Game seed: 14629153605071912928

4783 flotson the Skirmisher (level 10, 0/77 HPs)
             Began as a Demonspawn Gladiator on Feb 5, 2022.
             Was an Initiate of Gozag.
             Slain by a death yak (11 damage)
             ... on level 9 of the Dungeon.
             The game lasted 00:22:37 (9563 turns).

flotson the Skirmisher (Demonspawn Gladiator)       Turns: 9563, Time: 00:22:38

Health: 0/77       AC: 11    Str: 18    XL:     10   Next: 23%
Magic:  10/10      EV: 13    Int: 10    God:    Gozag
Gold:   783        SH:  0    Dex: 15    Spells: 9/9 levels left

rFire   . . .      SeeInvis .   a - +1 short sword (elec)
rCold   . . .      Faith    .   (no shield)
rNeg    . . .      Spirit   .   s - +2 ring mail {rPois}
rPois   +          Reflect  .   (helmet restricted)
rElec   .          Harm     .   t - +0 cloak
rCorr   .          Rampage  .   Q - +0 pair of gloves
Will    .....                   (no boots)
Stlth   +.........              K - amulet of the acrobat
HPRegen 0.22/turn               u - ring of flight
MPRegen 0.12/turn               (no ring)

@: flying
A: horns 2, foul stench 2, spiny 3, sharp scales 1
a: Renounce Religion, Potion Petition, Call Merchant, Bribe Branch


You were on level 9 of the Dungeon.
You worshipped Gozag.
Gozag was pleased with you.
You visited 2 branches of the dungeon, and saw 10 of its levels.
You also visited: Ossuary.

You collected 1096 gold pieces.
You spent 224 gold pieces at shops.
You paid 89 gold pieces to Gozag.

Inventory:

Hand Weapons
 a - a +1 short sword of electrocution (weapon)
 b - a +0 hunting sling
 c - a +0 war axe
 x - a +2 dagger of venom
 P - a +3 morningstar
 R - a +1 spear of distortion
Missiles
 d - 3 throwing nets
 g - 402 stones
 w - a boomerang
 D - 6 atropa-tipped darts (quivered)
 I - 32 sling bullets
 S - a poisoned dart
Armour
 s - a +2 ring mail of poison resistance (worn)
 t - a +0 cloak (worn)
 Q - a +0 pair of gloves (worn)
Jewellery
 u - a ring of flight (left hand)
 K - an amulet of the acrobat (around neck)
Wands
 q - a wand of flame (13)
 r - a wand of charming (25)
 H - a wand of iceblast (8)
 T - a wand of paralysis (12)
Scrolls
 e - 2 scrolls of amnesia {unknown}
 h - 3 scrolls of blinking {unknown}
 l - a scroll of immolation {unknown}
 n - a scroll of vulnerability {unknown}
 o - 4 scrolls of fog {unknown}
 p - a scroll of noise {unknown}
 y - 2 scrolls of silence {unknown}
 A - 3 scrolls of fear {unknown}
 B - 2 scrolls of magic mapping {unknown}
 C - a scroll of teleportation {unknown}
 F - a scroll of enchant weapon {unknown}
 J - a scroll of brand weapon {unknown}
Potions
 f - a potion of haste
 i - 4 potions of might
 j - 7 potions of curing
 m - 3 potions of lignification
 E - a potion of cancellation
 G - 2 potions of mutation
 M - 3 potions of ambrosia
 N - 2 potions of attraction
 U - a potion of resistance {unknown}


   Skills:
 + Level 6.5 Fighting
 + Level 6.3 Axes
 + Level 5.9 Throwing
 + Level 5.5 Armour
 + Level 6.3 Dodging
 + Level 5.5 Evocations


You had 9 spell levels left.
You didn't know any spells.
Your spell library contained the following spells:

 Spells                   Type           Power      Damage    Failure   Level
 Beastly Appendage        Tmut           0%         N/A       54%         1
 Magic Dart               Conj           0%         1d3       54%         1
 Blink                    Tloc           0%         N/A       67%         2
 Call Imp                 Summ           0%         N/A       67%         2
 Static Discharge         Conj/Air       0%         N/A       67%         2
 Wereblood                Tmut           0%         N/A       67%         2
 Confusing Touch          Hex            0%         N/A       88%         3
 Gell's Gravitas          Tloc           0%         N/A       88%         3
 Lesser Beckoning         Tloc           0%         N/A       88%         3
 Mephitic Cloud           Conj/Pois/Air  0%         N/A       88%         3
 Spider Form              Tmut/Pois      0%         N/A       88%         3
 Teleport Other           Tloc           0%         N/A       88%         3
 Animate Dead             Necr           0%         N/A       99%         4
 Dispel Undead            Necr           0%         3d6       99%         4
 Sticky Flame             Conj/Fire      0%         2d3       99%         4
 Manifold Assault         Tloc           0%         N/A       100%        5
 Yara's Violent Unravell  Hex/Tmut       0%         3d3       100%        5
 Dispersal                Tloc           0%         N/A       100%        6
 Enfeeble                 Hex            0%         N/A       100%        7
 Haunt                    Necr/Summ      0%         N/A       100%        7
 Infestation              Necr           0%         N/A       100%        8


Dungeon Overview and Level Annotations

Branches:
Dungeon (9/15)             Temple (1/1) D:5            Lair (0/6) D:9
Ossuary (visited)
    Orc: D:9-12

Altars:
Cheibriados
Gozag
Kikubaaqudgha
Nemelex Xobeh
Okawaru
Qazlal
Ru
Uskayaw
Yredelemnul
Zin

Shops:
D:4 (   D:5 *   D:7 :


Innate Abilities, Weirdness & Mutations

You have a pair of horns on your head.
You sometimes emit foul miasma when damaged in melee.
You are completely covered in sharp spines.
You are partially covered in razor-sharp scales. (AC +1, Slay +1)


Message History

The death yak is struck by your spines. The death yak misses you.
Unknown command.
Things that are here:
4 gold pieces; a +0 whip You see here a +0 whip.
Things that are here:
a +0 dagger; a curare-tipped dart The death yak is struck by your spines.
The death yak completely misses you.
You hit the death yak.
The death yak is heavily wounded.
The death yak gores you but does no damage.
Unknown command.
You hit the death yak.
The death yak is severely wounded.
The death yak gores you!!
You hit the death yak but do no damage. Your headbutt misses the death yak.
The death yak is severely wounded.
The death yak is struck by your spines.
The death yak gores you but does no damage.
The death yak gores you!
Unknown command.
You completely miss the death yak.
The death yak is severely wounded.
The death yak is struck by your spines. The death yak gores you!
Unknown command.
You are too injured to fight recklessly!
Unknown command.
You are too injured to fight recklessly!
Unknown command.
You are too injured to fight recklessly!
Unknown command.
You are too injured to fight recklessly!
You completely miss the death yak.
The death yak is severely wounded.
The death yak is struck by your spines. The death yak gores you!!
* * * LOW HITPOINT WARNING * * *
There is a stone staircase leading up, spattered with blood here.
The death yak is struck by your spines. The death yak gores you!
You die...
Your body crumbles into a pile of gold.

......... ...#
........##...#
........#....# #
..........#..##.#
#..$$$.#.....
#..$$$....####
####.........#
##..#####. #.o#@#
#Y{#Y# #..#{#
#Y.#)# #..#Y#
#..o.# #.#### #.#
#.#


You could see 2 death yaks and an orc.

Vanquished Creatures
  A death yak (D:9)
  An unseen horror (D:7)
  A troll (D:7)
  Eustachio (D:6)
  A water moccasin (D:7)
  2 orc warriors (D:8)
  A black bear (D:7)
  3 ice beasts
  A necrophage (D:5)
  4 ogres
  A centaur (D:8)
  A phantom (D:6)
  A kobold brigand (D:9)
  Blork the orc (D:6)
  3 bullfrogs
  3 wyvern zombies
  2 scorpions
  A water moccasin zombie (D:5)
  A water moccasin skeleton (D:6)
  5 wights (D:7)
  5 bullfrog zombies (Ossuary)
  4 centaur zombies
  2 hounds
  3 jellies
  An orc priest (D:5)
  A bullfrog skeleton (D:6)
  Ijyb (D:3)
  Jessica (D:2)
  3 iguanas
  4 orc wizards
  2 hell rats (D:9)
  6 killer bee zombies
  A hound zombie (D:5)
  16 mummies (Ossuary)
  5 howler monkey zombies
  3 gnolls (D:3)
  A howler monkey skeleton (D:5)
  2 river rats (D:9)
  8 adders
  A shadow imp (D:7)
  3 white imps
  2 ufetubi (D:7)
  A dart slug (D:3)
  10 orcs
  8 ball pythons
  3 bats
  6 endoplasms
  3 giant cockroaches
  6 hobgoblins
  17 jackals
  11 kobolds
  9 quokkas
  3 frilled lizards (D:1)
  23 goblins
  8 rats
218 creatures vanquished.

Vanquished Creatures (others)
  9 withered plants (Ossuary)
9 creatures vanquished.

Grand Total: 227 creatures vanquished

Notes
Turn   | Place    | Note
-------+----------+-------------------------------------------
     0 | D:1      | flotson the Demonspawn Gladiator began the quest for the
                  | Orb.
     0 | D:1      | Reached XP level 1. HP: 16/16 MP: 1/1
   628 | D:1      | Gained mutation: You are partially covered in sharp spines.
                  | [demonic ancestry]
   628 | D:1      | Reached XP level 2. HP: 21/22 MP: 2/2
   841 | D:1      | Found a faded altar of an unknown god.
  1268 | D:1      | Gained mutation: You have a pair of small horns on your
                  | head. [demonic ancestry]
  1268 | D:1      | Reached XP level 3. HP: 28/28 MP: 3/3
  1476 | D:2      | Reached skill level 1 in Armour
  1550 | D:2      | Found a sacrificial altar of Ru.
  1734 | D:2      | Noticed Jessica
  1738 | D:2      | Killed Jessica
  1739 | D:2      | Gained mutation: You may rarely emit foul miasma when
                  | damaged in melee. [demonic ancestry]
  1739 | D:2      | Reached XP level 4. HP: 34/34 MP: 4/4
  2372 | D:3      | Gained mutation: You are mostly covered in sharp spines.
                  | [demonic ancestry]
  2372 | D:3      | Reached XP level 5. HP: 39/40 MP: 5/5
  2859 | D:3      | Noticed Ijyb
  2871 | D:3      | Killed Ijyb
  3559 | D:4      | Noticed an ogre
  3582 | D:4      | Killed an ogre
  3583 | D:4      | Reached skill level 1 in Evocations
  3583 | D:4      | Reached XP level 6. HP: 47/47 MP: 6/6
  3771 | D:4      | Gained mutation: You are partially covered in razor-sharp
                  | scales. (AC +1, Slay +1) [demonic ancestry]
  3771 | D:4      | Reached XP level 7. HP: 24/52 MP: 7/7
  4143 | D:4      | Found Ynnoqe's Weapon Boutique.
  4256 | D:5      | Entered Level 5 of the Dungeon
  4995 | D:5      | Found a staircase to the Ecumenical Temple.
  5001 | Temple   | Entered the Ecumenical Temple
  5050 | Temple   | Became a worshipper of Gozag Ym Sagoz the Greedy
  5221 | D:5      | Found Toelenea's Assorted Antiques.
  5246 | D:5      | Bought a silvery potion for 20 gold pieces
  5246 | D:5      | Bought a fuming black potion for 20 gold pieces
  5246 | D:5      | Bought a scroll labelled DOZ ZYINURUFAT for 23 gold pieces
  5246 | D:5      | Bought a scroll labelled URPHOV WEBLUHI for 23 gold pieces
  5246 | D:5      | Bought a scroll labelled ZEGHAPH LUCOURCH for 23 gold
                  | pieces
  5461 | D:6      | Noticed Eustachio
  5624 | D:6      | Gained mutation: You sometimes emit foul miasma when
                  | damaged in melee. [demonic ancestry]
  5624 | D:6      | Reached XP level 8. HP: 60/60 MP: 8/8
  5643 | D:6      | Killed Eustachio
  6081 | D:6      | Found a sand-covered staircase.
  6090 | Ossuary  | Entered an ossuary
  6104 | Ossuary  | Reached skill level 5 in Axes
  6111 | Ossuary  | Reached skill level 5 in Dodging
  6203 | Ossuary  | Reached skill level 5 in Fighting
  6473 | Ossuary  | Gained mutation: You are completely covered in sharp
                  | spines. [demonic ancestry]
  6473 | Ossuary  | Reached XP level 9. HP: 48/68 MP: 9/9
  6876 | D:6      | Noticed Blork the orc
  6885 | D:6      | Killed Blork the orc
  7023 | D:6      | Reached skill level 5 in Throwing
  7266 | D:7      | Killed an unseen horror
  7458 | D:7      | Found Hatturee's Book Shop.
  7673 | D:7      | Reached skill level 5 in Armour
  7815 | D:7      | Reached skill level 5 in Evocations
  8000 | D:7      | Noticed a troll
  8011 | D:7      | Killed a troll
  8343 | D:5      | Bought a thin zirconium amulet for 115 gold pieces
  8614 | D:8      | Gained mutation: You have a pair of horns on your head.
                  | [demonic ancestry]
  8614 | D:8      | Reached XP level 10. HP: 54/76 MP: 10/10
  9128 | D:8      | Identified the +0 robe of Yredelemnul's Reproof {-Tele
                  | Int+2 Stlth+}
  9292 | D:9      | Noticed a death yak
  9292 | D:9      | Noticed a death yak
  9313 | D:9      | Killed a death yak
  9529 | D:9      | Found a staircase to the Lair.
  9532 | D:9      | Noticed a death yak
  9563 | D:9      | Slain by a death yak

Illustrated notes

Levels and vault maps discovered:
D:1:      psy_arrival_radial01, layout_basic, dreamdust_ecumenical_altar_grove
D:2:      layout_rooms, basic_altar, minivault_23, uniq_jessica
D:3:      kennysheep_goblin_castle, layout_basic, kennysheep_nondescript,
          minmay_fractal_squares_gapless_5
D:4:      layout_basic, serial_shops, nicolae_shop_behind_doors,
          chequers_serial_rivers_large_b, kennysheep_generic_room_3
D:5:      layout_gridville, zin_treasury, minmay_temple_entry_hall,
          serial_shops, shop, minmay_bent
D:6:      layout_loops_ring, nicolae_ossuary_entry_ruins, minmay_ogre_servants,
          uniq_eustachio, uniq_blork_the_orc
D:7:      layout_basic, serial_shops, shop, st_stairs_14, minmay_misc_feat_room
D:8:      layout_gridville
D:9:      layout_basic, dpeg_lair_monsters, orc_0_dummy, minivault_22
Temple:   mainiacjoe_temple_circle_huts

Skill      XL: |  1  2  3  4  5  6  7  8  9 |
---------------+----------------------------+-----
Throwing       | 2 3 4 5 |  5.9
Axes           | 3 4 5 6 |  6.3
Armour         | 1 2 3 4 5 |  5.5
Dodging        | 3 4 5 6 |  6.3
Fighting       | 3 4 5 6 |  6.5
Evocations     | 1 2 4 5 |  5.5

Action                   |  1- 3 |  4- 6 |  7- 9 | 10-12 || total
-------------------------+-------+-------+-------+-------++-------
Melee: War axe           |    59 |       |       |       ||    59
       Punch             |     1 |     1 |     4 |       ||     6
       Dagger            |     2 |    80 |     2 |       ||    84
       Headbutt          |     2 |    15 |    67 |     4 ||    88
       Short sword       |       |       |   256 |    37 ||   293
 Fire: Hunting sling     |    23 |    19 |       |       ||    42
Throw: Dart              |       |       |       |     4 ||     4
Evoke: Wand              |       |       |       |     1 ||     1
  Use: Scroll            |       |       |       |    12 ||    12
 Stab: Distracted        |       |       |     2 |       ||     2
Armor: Leather armour    |    18 |       |       |       ||    18
       Ring mail         |       |    22 |    74 |    10 ||   106
Dodge: Dodged            |    58 |    34 |   147 |    26 ||   265

Table legend: (Time is in decaauts)
 A = Elapsed time spent in this place.
 B = Non-inter-level travel time spent in this place.
 C = Inter-level travel time spent in this place.
 D = Time resting spent in this place.
 E = Time spent auto-exploring this place.
 F = Levels seen in this place.
 G = Mean time per level.
                   A        B        C        D        E       F      G
               +--------+--------+--------+--------+--------+-----+--------+
         Total |   9618 |   9152 |    466 |    176 |   7283 |  11 |  874.4 |
       Dungeon |   8790 |   8341 |    449 |    176 |   6680 |   9 |  976.7 |
        Temple |     66 |     49 |     17 |      0 |     35 |   1 |   66.0 |
       Ossuary |    761 |    761 |      0 |      0 |    568 |   1 |  761.0 |
               +--------+--------+--------+--------+--------+-----+--------+

Top non-repeatable levels by time:
     D:3: 1520 daAuts
     D:1: 1490 daAuts
     D:5: 1219 daAuts
     D:6: 1061 daAuts
     D:8: 1055 daAuts
     D:7: 1055 daAuts
 Ossuary: 761 daAuts
     D:4: 757 daAuts
     D:2: 506 daAuts
     D:9: 124 daAuts
  Temple: 66 daAuts
